 Dungeon Crawl Stone Soup version 0.19-a0-739-gf2af308 (webtiles) character file.

723 Ordine the Covert (level 7, -6/46 HPs)
             Began as an Octopode Monk on June 23, 2016.
             Mangled by an ogre
             ... wielding a +0 giant club
              (17 damage)
             ... on level 6 of the Dungeon.
             The game lasted 00:12:40 (4952 turns).

Ordine the Covert (Octopode Monk)                   Turns: 4952, Time: 00:12:40

Health: -6/46      AC:  1    Str: 11    XL:     7   Next: 71%
Magic:  7/7        EV: 19    Int: 14    God:
Gold:   355        SH:  0    Dex: 19    Spells: 0 memorised, 6 levels left

rFire  . . .     SeeInvis .       - Unarmed
rCold  . . .     Gourm    .     (no shield)
rNeg   . . .     Faith    .     (helmet restricted)
rPois  .         Spirit   .     (no amulet)
rElec  .         Dismiss  .     o - ring of protection from magic
rCorr  .         Reflect  .     (no ring)
SustAt .         Harm     .     (no ring)
MR     +....                    (no ring)
Stlth  +++++++...               (no ring)
                                (no ring)
                                (no ring)
                                (no ring)

@: agile, somewhat resistant to hostile enchantments, extremely stealthy
A: almost no armour, amphibious, 8 rings, constrict 8, camouflage 1, gelatinous
body 1
a: no special abilities


You were on level 6 of the Dungeon.
You were not hungry.

You visited 1 branch of the dungeon, and saw 6 of its levels.

You collected 355 gold pieces.

Inventory:

Magical Staves
 n - an uncursed staff of air
Jewellery
 o - a ring of protection from magic (left tentacle)
Scrolls
 d - a scroll of enchant armour
 f - 2 scrolls of fear
 m - 2 scrolls of remove curse
 p - 2 scrolls of noise
 q - 2 scrolls of teleportation
 s - a scroll of immolation
Potions
 b - a potion of cancellation
 e - 3 potions of curing {unknown}
 g - a potion of agility
 h - a potion of ambrosia {unknown}
 i - 2 potions of degeneration {unknown}
 k - 2 potions of heal wounds {unknown}
 l - a potion of resistance
Comestibles
 a - 5 bread rations
 c - 6 meat rations
 j - a beef jerky
 r - 5 fruits


   Skills:
 - Level 3.0 Fighting
 - Level 3.0 Dodging
 * Level 9.9 Stealth
 + Level 5.6 Unarmed Combat


You had 6 spell levels left.
You didn't know any spells.

Dungeon Overview and Level Annotations

Branches:
Dungeon (6/15)
 Temple: D:4-7

Altars:
Elyvilon
Fedhas
Pakellas
Ru
Uskayaw
Xom

Shops:
D:5 }

Annotations:
D:5 exclusion: slave
D:6 exclusions: orc and orc warrior


Innate Abilities, Weirdness & Mutations

You cannot wear most types of armour.
You are amphibious.
You can wear up to eight rings at the same time.
You can use your tentacles to constrict eight enemies at once.
Your skin changes colour to match your surroundings (Stealth+).
Your rubbery body absorbs attacks. (AC +1)


Message History

Found a stone staircase leading down.
There is an open door here.
You open the door.
An ogre comes into view. It is wielding a giant club.
The ogre shouts!
You tentacle-slap the ogre.
The ogre is lightly wounded.
The ogre misses you.
You closely miss the ogre.
The ogre is lightly wounded.
The ogre hits you with a giant club!!
You tentacle-slap the ogre.
The ogre is moderately wounded.
The ogre hits you with a giant club!!
* * * LOW HITPOINT WARNING * * *
You feel agile all of a sudden.
You tentacle-slap the ogre.
The ogre is moderately wounded.
The ogre hits you with a giant club!
You die...

............. #......
...##'####.. ##.....#
...##..###...##.....
...##.<............
...##........# ...
...##..####..###'#####
...##..####..##......#
................O...##
................@...#
...########..##.....#
'####..####..##.....#
....#...............#
....'...............#
....#........##....>#
....#........##.....#
#####........+......#
#..########.....#


You could see an ogre.

Vanquished Creatures
  The ghost of nago the Skirmisher, an amateur DsWn (D:4)
  2 crimson imps (D:5)
  A giant frog zombie (D:6)
  A jelly (D:5)
  2 orc wizards (D:4)
  2 iguanas (D:4)
  3 worker ants (D:4)
  A hound skeleton (D:4)
  6 adders
  An ooze (D:2)
  2 adder skeletons
  A worm (D:3)
  2 dart slugs
  7 giant geckos
  22 orcs
  A ball python (D:5)
  A giant cockroach (D:4)
  6 goblins
  9 hobgoblins
  3 jackals
  3 quokkas
  6 bats
  A giant gecko skeleton (D:5)
  A giant gecko zombie (D:5)
  5 giant newts
  4 kobolds
  8 rats
102 creatures vanquished.

Notes
Turn   | Place    | Note
--------------------------------------------------------------
     0 | D:1      | Ordine the Octopode Monk began the quest for the Orb.
     0 | D:1      | Reached XP level 1. HP: 16/16 MP: 1/1
   166 | D:1      | Reached skill level 3 in Stealth
   220 | D:1      | Reached XP level 2. HP: 21/21 MP: 2/2
   552 | D:2      | Found a blossoming altar of Fedhas.
   720 | D:2      | Reached XP level 3. HP: 26/26 MP: 3/3
   737 | D:2      | Found a faded altar of an unknown god.
   743 | D:2      | Reached skill level 4 in Stealth
  1261 | D:2      | Reached skill level 5 in Stealth
  1261 | D:2      | Reached XP level 4. HP: 24/31 MP: 4/4
  1328 | D:2      | Found an oddly glowing altar of Pakellas.
  2439 | D:3      | Found a hide-covered altar of Uskayaw.
  2715 | D:3      | Reached XP level 5. HP: 25/36 MP: 5/5
  2936 | D:3      | Reached skill level 6 in Stealth
  2944 | D:3      | Found a shimmering altar of Xom.
  3122 | D:4      | Found a white marble altar of Elyvilon.
  3242 | D:4      | Reached skill level 7 in Stealth
  3572 | D:4      | Noticed nago's ghost (amateur DsWn)
  3579 | D:4      | Killed nago's ghost
  3579 | D:4      | Reached skill level 8 in Stealth
  3579 | D:4      | Reached skill level 5 in Unarmed Combat
  3579 | D:4      | Reached XP level 6. HP: 42/42 MP: 6/6
  3598 | D:4      | Reached XP level 7. HP: 38/46 MP: 7/7
  3985 | D:4      | Reached skill level 9 in Stealth
  4355 | D:4      | Found a sacrificial altar of Ru.
  4423 | D:5      | Entered Level 5 of the Dungeon
  4690 | D:5      | Found Sasoaxoh's Gadget Emporium.
  4952 | D:6      | Mangled by an ogre

Vault maps used:
D:1:      dpeg_arrival_shrine
D:2:      grunt_pakellas_mercury, first_bread, ecumenical_altar_2,
          fedhas_altar_1
D:3:      lemuel_crystal_altar, tgw_xom, roderic_lattice_a
D:4:      elyvilon_altar_5, old_standard_altar
D:5:      tgw_sif, serial_shops, nicolae_shop_window_shopping,
          minmay_misc_feat_square, kennysheep_generic_room_14, uniq_pikel
D:6:      serial_shops, kennysheep_little_box

Skill      XL: |  1  2  3  4  5  6  7 |
---------------+----------------------+-----
Stealth        | 3 5 8 9 |  9.9
Unarmed Combat | 4 5 |  5.6
Fighting       | |  3.0
Dodging        | |  3.0

Action                   |  1- 3 |  4- 6 |  7- 9 || total
-------------------------+-------+-------+-------++-------
Melee: Unarmed           |    69 |   111 |    71 ||   251
       Constrict         |    19 |    30 |    18 ||    67
       Tentacles         |     9 |    19 |    13 ||    41
       Punch             |     1 |     3 |     4 ||     8
  Use: Scroll            |     9 |     5 |     1 ||    15
       Potion            |       |     3 |     1 ||     4
 Stab: Sleeping          |    10 |    10 |     8 ||    28
       Distracted        |     2 |     1 |       ||     3
  Eat: Chunk             |     1 |     7 |     5 ||    13
Armor: Skin              |     1 |     9 |     2 ||    12
Dodge: Dodged            |    33 |    46 |    29 ||   108
